 Dungeon Sprint DCSS version 0.20-a0-959-gdc9e609 (webtiles) character file.

14200000 shpingle the Axe Maniac (level 27, -236/174 HPs)
             Began as a Vine Stalker Fighter on Apr 6, 2017.
             Was the Champion of Makhleb.
             Annihilated by a fleshlord
             ... wielding a +9 great mace
              (389 damage)
             ... in the Dungeon (Sprint VIII: "Arena of Blood").
             The game lasted 00:16:52 (142 turns).

shpingle the Axe Maniac (Vine Stalker Fighter)       Turns: 142, Time: 00:16:52

Health: -236/174   AC: 13    Str: 21    XL:     27
Magic:  0/55       EV: 34    Int:  8    God:    Makhleb [******]
Gold:   0          SH:  0    Dex: 25    Spells: 80/80 levels left

rFire    . . .     SeeInvis .   l - +∞ Axe of Woe
rCold    . . .     Gourm    .   (shield currently unavailable)
rNeg     . . .     Faith    .   b - +0 scale mail
rPois    .         Spirit   +   (no helmet)
rElec    .         Reflect  .   (no cloak)
rCorr    .         Harm     .   (no gloves)
MR       +++..     NoTele   +   (no boots)
Stlth    +++++++++.             (no amulet)
Regen    1.2/turn               p - +200 ring of slaying
MPRegen  0.4/turn               o - +200 ring of slaying

@: no status effects
A: fangs 3, regeneration 2, magic shield, antimagic bite, no potion heal 3, rot
immunity
a: Minor Destruction, Lesser Servant of Makhleb, Major Destruction, Greater
Servant of Makhleb, Renounce Religion


You were in the Dungeon.
You worshipped Makhleb.
Makhleb was exalted by your worship.
You were not hungry.

You visited 1 branch

Inventory:

Hand Weapons
 a - a +0 war axe
 l - the +∞ Axe of Woe (weapon)
   (You found it in the Dungeon)
Armour
 b - a +0 scale mail (worn)
 c - a +0 shield
Jewellery
 m - a +30 ring of slaying
 n - a +30 ring of slaying
 o - a +200 ring of slaying (right hand)
 p - a +200 ring of slaying (left hand)
Scrolls
 k - a scroll of blinking
Potions
 d - a potion of might
 e - a potion of curing
 g - a potion of heal wounds
 h - a potion of haste
 i - 2 potions of magic
 j - a potion of berserk rage
Comestibles
 f - a bread ration


   Skills:
 O Level 27 Fighting
 O Level 27 Axes
 O Level 27 Throwing
 O Level 27 Armour
 O Level 27 Dodging
 O Level 27 Stealth
 O Level 27 Shields
 O Level 27 Unarmed Combat
 O Level 27 Spellcasting
 O Level 27 Invocations


You had 80 spell levels left.
You didn't know any spells.

Dungeon Overview and Level Annotations

Branches:
Dungeon (1/1)

Altars:
Makhleb

Annotations:
D The Servant


Innate Abilities, Weirdness & Mutations

You have razor-sharp teeth.
You heal very quickly.
When hurt, damage is shared between your health and your magic reserves.
Your bite disrupts and absorbs the magic of your enemies.
Potions cannot restore your health.
You are immune to rotting.


Message History

A bag of meat comes into view. It is wielding a +9 war axe.
You take 2 damage, and have 161/174 hp.
Put on which piece of jewellery? (? for menu, Esc to quit)
Okay, then.
Press: ? - help, v - describe, . - travel
Here: The Servant, wielding a +9 glaive of flaming and wearing a +130 ring of slaying (heavily wounded)
The floor.
Search for what [Enter for "."]? .
You hear a shout! x4; You feel something staring at you.
Something smites you! 2 vampire knights come into view.
A destroyer is wielding a +9 great sword of slicing.
A destroyer is wielding a +9 great sword of slicing.
You take 9 damage, and have 152/174 hp.
You swing at nothing.
The destroyer shouts!
You hear a shout! x6
The destroyer blinks!
The meat berserker rages.
The fleshlord hits you with a +9 great mace!!!!!!
Ouch! That really hurt!
You die...

..........O p2...
o.. #.... o.# ..
#... ..# .
.%W###.%. ..###..
..%%.pOV###......O
#.%..%p↑↑‡↑.......
.....#↑↑↑↑%#....
... #@↑<%‡# . %
#p↑↑↑%#
#..o.oVS↑‡..%%..
.o....L%###..%...
..z###..@ %.###..
oo #... ..# .
#X... ..# p....
... .......


You could see a meat beast (wandering), a tyrant, The Servant, 2 destroyers, a
scourge, 5 fleshlords, a large abomination (wandering) and a meat berserker
(berserk).

Vanquished Creatures
  3 hell knights (D)
  10 hell beasts (D)
  2 greater mummies (D)
  4 great orbs of eyes (D)
  5 wraiths (D)
  14 vampire knights (D)
  35 ogres (D)
  9 two-headed ogres (D)
  2 liches (D)
  3 hydras (D)
  59 orcs (D)
  3 phantoms (D)
  6 skeletal warriors (D)
  4 large abominations (D)
  5 small abominations (D)
  4 crawling corpses (D)
168 creatures vanquished.

Vanquished Creatures (others)
  2 orcs (D)
  4 crawling corpses (D)
6 creatures vanquished.

Grand Total: 174 creatures vanquished

Notes
Turn   | Place    | Note
-------+----------+-------------------------------------------
     0 | D        | shpingle the Vine Stalker Fighter began the quest for the Orb.
     0 | D        | Reached XP level 1. HP: 11/11 MP: 2/2
     2 | D        | Noticed a bag of meat
     4 | D        | Noticed a bag of meat
     6 | D        | Noticed a bag of meat
     9 | D        | Became a worshipper of Makhleb the Destroyer
    10 | D        | Killed a bag of meat
    10 | D        | Reached skill level 12 in Armour
    10 | D        | Reached XP level 2. HP: 28/28 MP: 3/3
    10 | D        | Reached XP level 3. HP: 32/32 MP: 4/4
    10 | D        | Gained mutation: Your natural rate of healing is unusually fast. [Vine Stalker growth]
    10 | D        | Reached XP level 4. HP: 37/37 MP: 5/5
    10 | D        | Reached XP level 5. HP: 42/42 MP: 6/6
    10 | D        | Reached XP level 6. HP: 46/46 MP: 7/7
    10 | D        | Reached XP level 7. HP: 51/51 MP: 8/8
    10 | D        | Gained mutation: You have razor-sharp teeth. [Vine Stalker growth]
    10 | D        | Reached XP level 8. HP: 56/56 MP: 9/9
    10 | D        | Reached XP level 9. HP: 60/60 MP: 10/10
    10 | D        | Reached XP level 10. HP: 65/65 MP: 11/11
    10 | D        | Reached XP level 11. HP: 69/69 MP: 12/12
    10 | D        | Gained mutation: You heal very quickly. [Vine Stalker growth]
    10 | D        | Reached XP level 12. HP: 74/74 MP: 13/13
    11 | D        | Noticed a bag of meat
    11 | D        | Noticed a meat berserker
    11 | D        | Noticed a meat berserker
    11 | D        | Killed a bag of meat
    11 | D        | Reached * piety under Makhleb
    11 | D        | Reached skill level 14 in Armour
    11 | D        | Reached XP level 13. HP: 64/81 MP: 10/14
    12 | D        | Killed a meat berserker
    12 | D        | Reached skill level 18 in Fighting
    12 | D        | Reached skill level 18 in Axes
    12 | D        | Reached skill level 16 in Armour
    12 | D        | Reached skill level 12 in Dodging
    12 | D        | Reached XP level 14. HP: 25/91 MP: 4/15
    13 | D        | Killed a meat berserker
    13 | D        | Reached skill level 18 in Armour
    13 | D        | Reached skill level 14 in Dodging
    13 | D        | Reached XP level 15. HP: 20/98 MP: 3/16
    13 | D        | Reached ** piety under Makhleb
    13 | D        | Reached skill level 20 in Fighting
    13 | D        | Reached skill level 20 in Axes
    13 | D        | Reached XP level 16. HP: 71/105 MP: 3/17
    16 | D        | Noticed a meat berserker
    18 | D        | Reached skill level 16 in Dodging
    19 | D        | Killed a meat berserker
    19 | D        | Reached skill level 22 in Fighting
    19 | D        | Reached skill level 22 in Axes
    19 | D        | Reached skill level 18 in Dodging
    19 | D        | Reached XP level 17. HP: 113/113 MP: 4/18
    19 | D        | Reached *** piety under Makhleb
    20 | D        | Noticed a meat berserker
    20 | D        | Reached skill level 22 in Armour
    20 | D        | Reached skill level 6 in Invocations
    24 | D        | Killed a meat berserker
    24 | D        | Reached skill level 24 in Fighting
    24 | D        | Reached skill level 24 in Axes
    24 | D        | Reached skill level 20 in Dodging
    24 | D        | Reached XP level 18. HP: 122/122 MP: 4/27
    24 | D        | Reached skill level 25 in Fighting
    24 | D        | Reached skill level 25 in Axes
    25 | D        | Noticed a meat berserker
    25 | D        | Reached **** piety under Makhleb
    25 | D        | Reached skill level 14 in Invocations
    26 | D        | Noticed a meat berserker
    26 | D        | Noticed a large bag of meat
    26 | D        | Reached skill level 26 in Fighting
    26 | D        | Reached skill level 24 in Armour
    26 | D        | Reached skill level 22 in Dodging
    26 | D        | Reached XP level 19. HP: 130/130 MP: 5/31
    28 | D        | Noticed a meat berserker
    29 | D        | Noticed a meat berserker
    29 | D        | Noticed a destroyer
    29 | D        | Killed a meat berserker
    29 | D        | Reached skill level 26 in Axes
    29 | D        | Reached skill level 25 in Armour
    29 | D        | Reached skill level 27 in Fighting
    29 | D        | Reached skill level 27 in Axes
    29 | D        | Reached skill level 18 in Invocations
    29 | D        | Killed a meat berserker
    29 | D        | Reached ***** piety under Makhleb
    29 | D        | Reached skill level 26 in Armour
    29 | D        | Reached skill level 24 in Dodging
    29 | D        | Reached XP level 20. HP: 137/137 MP: 5/35
    30 | D        | Killed a large bag of meat
    30 | D        | Reached skill level 27 in Armour
    30 | D        | Reached skill level 26 in Dodging
    30 | D        | Reached skill level 27 in Dodging
    30 | D        | Reached skill level 25 in Invocations
    31 | D        | Reached skill level 27 in Invocations
    32 | D        | Noticed a destroyer
    32 | D        | Killed a meat berserker
    32 | D        | Reached XP level 21. HP: 142/142 MP: 5/45
    33 | D        | Killed a meat berserker
    33 | D        | Reached skill level 25 in Spellcasting
    33 | D        | Reached skill level 27 in Spellcasting
    35 | D        | Reached skill level 12 in Throwing
    35 | D        | Reached skill level 16 in Stealth
    35 | D        | Reached XP level 22. HP: 148/148 MP: 6/54
    35 | D        | Reached ****** piety under Makhleb
    35 | D        | Reached skill level 20 in Stealth
    35 | D        | Killed a destroyer
    35 | D        | Reached skill level 20 in Throwing
    35 | D        | Reached skill level 26 in Stealth
    36 | D        | Reached skill level 22 in Throwing
    36 | D        | Reached skill level 27 in Stealth
    37 | D        | Killed a destroyer
    37 | D        | Reached skill level 27 in Throwing
    37 | D        | Reached XP level 23. HP: 153/153 MP: 6/55
    39 | D        | Reached skill level 16 in Unarmed Combat
    39 | D        | Reached skill level 20 in Shields
    39 | D        | Reached skill level 18 in Unarmed Combat
    40 | D        | Reached skill level 22 in Shields
    40 | D        | Reached skill level 20 in Unarmed Combat
    41 | D        | Reached skill level 22 in Unarmed Combat
    41 | D        | Reached XP level 24. HP: 158/158 MP: 7/55
    42 | D        | Noticed a destroyer
    43 | D        | Reached skill level 24 in Shields
    45 | D        | Killed a destroyer
    45 | D        | Reached skill level 27 in Shields
    45 | D        | Reached skill level 27 in Unarmed Combat
    48 | D        | Noticed an accursed
    53 | D        | Reached XP level 25. HP: 163/163 MP: 8/55
    54 | D        | Noticed a large bag of meat
    55 | D        | Noticed a destroyer
    55 | D        | Noticed a large bag of meat
    55 | D        | Noticed a tyrant
    58 | D        | Noticed a destroyer
    58 | D        | Killed a destroyer
    60 | D        | Reached XP level 26. HP: 169/169 MP: 8/55
    61 | D        | Noticed a large bag of meat
    61 | D        | Noticed a meat beast
    61 | D        | Noticed a large bag of meat
    61 | D        | Noticed a destroyer
    61 | D        | Noticed a destroyer
    62 | D        | Noticed a large bag of meat
    62 | D        | Noticed a destroyer
    62 | D        | Noticed a dread
    63 | D        | Killed a tyrant
    63 | D        | Reached XP level 27. HP: 174/174 MP: 7/55
    63 | D        | Killed a meat beast
    64 | D        | Killed a destroyer
    65 | D        | Killed a large bag of meat
    70 | D        | Noticed a destroyer
    72 | D        | Killed a dread
    72 | D        | Killed a destroyer
    74 | D        | Noticed a destroyer
    74 | D        | Noticed a meat beast
    74 | D        | Killed a large bag of meat
    76 | D        | Noticed a dread
    77 | D        | Noticed an accursed
    77 | D        | Killed a destroyer
    79 | D        | Killed a destroyer
    80 | D        | Killed a large bag of meat
    81 | D        | Noticed a large bag of meat
    81 | D        | Killed a destroyer
    82 | D        | Noticed a large bag of meat
    82 | D        | Killed a meat beast
    82 | D        | Killed a destroyer
    83 | D        | Noticed a destroyer
    84 | D        | Noticed a meat beast
    84 | D        | Noticed a meat beast
    84 | D        | Killed a large bag of meat
    84 | D        | Killed a destroyer
    85 | D        | Noticed a destroyer
    85 | D        | Killed a large bag of meat
    88 | D        | Noticed a meat beast
    88 | D        | Noticed a dread
    88 | D        | Noticed a meat beast
    88 | D        | Killed a large bag of meat
    88 | D        | Killed a meat beast
    88 | D        | Killed a dread
    89 | D        | Killed a meat beast
    89 | D        | Killed a destroyer
    89 | D        | Noticed a meat beast
    90 | D        | Noticed a dread
    90 | D        | Killed a meat beast
    91 | D        | Noticed a large bag of meat
    91 | D        | Killed an accursed
    91 | D        | Killed a large bag of meat
    92 | D        | Killed a meat beast
    93 | D        | Killed an accursed
    93 | D        | Killed a meat beast
    94 | D        | Noticed a destroyer
    94 | D        | Noticed a destroyer
    99 | D        | Killed a destroyer
   101 | D        | Killed a large bag of meat
   102 | D        | Killed a destroyer
   104 | D        | Noticed a tyrant
   107 | D        | Killed a dread
   112 | D        | Noticed a dread
   112 | D        | Killed a tyrant
   114 | D        | HP: 2/174 [dread/damnation (42)]
   116 | D        | Noticed a meat beast
   118 | D        | Killed a dread
   121 | D        | Noticed a fleshlord
   123 | D        | Noticed a dread
   124 | D        | Noticed a fleshlord
   126 | D        | Killed a fleshlord
   127 | D        | Noticed a fleshlord
   129 | D        | Killed a fleshlord
   130 | D        | Killed a meat beast
   130 | D        | Noticed a fleshlord
   132 | D        | Killed a dread
   133 | D        | Noticed a meat beast
   134 | D        | Noticed a fleshlord
   136 | D        | Noticed a meat beast
   136 | D        | Noticed a tyrant
   137 | D        | Killed a fleshlord
   138 | D        | Noticed The Servant
   139 | D        | Killed a meat beast
   140 | D        | Killed a meat beast
   142 | D        | Noticed a destroyer
   142 | D        | Noticed a destroyer
   142 | D        | Annihilated by a fleshlord

Vault maps used:
D:        meatsprint

Skill      XL: |  1  2  3  4  5  6  7  8  9 10 11 12 13 14 15 16 17 18 19 20 21 22 23 24 |
---------------+-------------------------------------------------------------------------+-----
Fighting       | 13 15 18 19 20 22 24 26 27 | 27.0
Axes           | 13 15 18 19 20 22 24 25 27 | 27.0
Armour         | 12 14 16 18 19 21 23 24 26 27 | 27.0
Shields        | 13 15 23 27 | 27.0
Dodging        | 7 12 14 15 18 20 22 24 27 | 27.0
Invocations    | 11 15 21 27 | 27.0
Throwing       | 4 12 27 | 27.0
Stealth        | 7 16 27 | 27.0
Spellcasting   | 19 27 | 27.0
Unarmed Combat | 8 22 27 | 27.0

Action                   |  1- 3 |  4- 6 |  7- 9 | 10-12 | 13-15 | 16-18 | 19-21 | 22-24 | 25-27 || total
-------------------------+-------+-------+-------+-------+-------+-------+-------+-------+-------++-------
Melee: Executioner's axe |     1 |       |       |     1 |     2 |     6 |     6 |    13 |    54 ||    83
Armor: Scale mail        |       |       |       |       |       |       |       |     1 |     3 ||     4
Dodge: Dodged            |       |       |       |       |       |       |       |     1 |     2 ||     3
